 Dungeon Crawl Stone Soup version 0.27-a0-1200-g94dc6ad4cf (webtiles) character file.

Game seed: 13976144827947017401

896 karkarkar the Cudgeller (level 7, -22/61 HPs)
             Began as a Minotaur Berserker on May 31, 2021.
             Was a Priest of Trog.
             Annihilated by an ogre
             ... wielding a +0 giant spiked club
              (23 damage)
             ... on level 5 of the Dungeon.
             The game lasted 00:08:03 (3585 turns).

karkarkar the Cudgeller (Minotaur Berserker)        Turns: 3585, Time: 00:08:03

Health: -22/61     AC: 12    Str: 24    XL:     7   Next: 78%
Magic:  6/6        EV:  7    Int:  4    God:    Trog [***...]
Gold:   247        SH:  0    Dex:  9    Spells: 6/6 levels left

rFire    . . .     SeeInvis .   d - +0 flail
rCold    . . .     Faith    .   (no shield)
rNeg     + . .     Spirit   .   e - +0 plate armour
rPois    .         Reflect  .   (helmet restricted)
rElec    .         Harm     .   (no cloak)
rCorr    .         Rampage  .   (no gloves)
Will     +....                  (no boots)
Stlth    ..........             (no amulet)
HPRegen  0.20/turn              a - ring of willpower
MPRegen  0.10/turn              v - ring of positive energy

@: on berserk cooldown, slowed, very slow
A: horns 2, retaliatory headbutt
a: Renounce Religion, Berserk, Trog's Hand


You were on level 5 of the Dungeon.
You worshipped Trog.
Trog was most pleased with you.
You visited 1 branch of the dungeon, and saw 5 of its levels.

You collected 247 gold pieces.

Inventory:

Hand Weapons
 d - a +0 flail (weapon)
Missiles
 p - 2 throwing nets
Armour
 e - a +0 plate armour (worn)
Jewellery
 a - a ring of willpower (left hand)
 v - a ring of positive energy (right hand)
Wands
 t - a wand of mindburst (18)
Scrolls
 h - a scroll of identify {unknown}
 k - a scroll of immolation {unknown}
 o - a scroll of acquirement {unknown}
 q - a scroll of silence {unknown}
 r - a scroll of vulnerability {unknown}
 s - a scroll of summoning {unknown}
Potions
 b - a potion of mutation {unknown}
 c - a potion of magic {unknown}
 f - a potion of haste {unknown}
 g - a potion of berserk rage
 i - 2 potions of attraction
 j - a potion of heal wounds {unknown}
 l - a potion of degeneration {unknown}
 m - a potion of curing {unknown}
 n - a potion of resistance {unknown}
 u - a potion of ambrosia {unknown}


   Skills:
 + Level 5.6 Fighting
 + Level 5.1(6.6) Axes
 + Level 6.4(7.3) Maces & Flails
 + Level 5.9 Armour
 + Level 3.2 Dodging
 + Level 0.1 Stealth


You had 6 spell levels left.
You didn't know any spells.
Your spell library was empty.

Dungeon Overview and Level Annotations

Branches:
Dungeon (5/15)
 Temple: D:4-7

Altars:

Shops:
D:4 (


Innate Abilities, Weirdness & Mutations

You have a pair of horns on your head.
You reflexively headbutt those who attack you in melee.


Message History

You sock the scorpion!
You kill the scorpion!
Trog accepts your kill.
Your base Maces & Flails skill increases to level 6!
You barely miss the hound. The hound bites you but does no damage.
The ogre hits you with a +0 giant spiked club!
You closely miss the hound. The hound bites you but does no damage.
The hound bites you but does no damage.
The ogre hits you with a +0 giant spiked club.
You hit the ogre.
The ogre is moderately wounded.
The hound bites you but does no damage.
You hit the ogre.
The ogre is heavily wounded.
You are no longer berserk.
You are exhausted.
You feel yourself slow down.
The ogre hits you with a +0 giant spiked club!
The hound bites you but does no damage.
You hit the ogre.
The ogre is severely wounded.
The hound bites you.
* * * LOW HITPOINT WARNING * * *
The hound closely misses you. The ogre closely misses you.
You sock the ogre!
You kill the ogre!
Trog accepts your kill.
The hound bites you but does no damage. x2; The ogre barely misses you.
You hit the ogre but do no damage. You headbutt the ogre!
The ogre is moderately wounded.
The hound bites you but does no damage. The hound bites you.
* * * LOW HITPOINT WARNING * * *
The ogre hits you with a +0 giant spiked club!
* * * LOW HITPOINT WARNING * * *
The hound bites you but does no damage.
You barely miss the ogre. You headbutt the ogre!
The ogre is severely wounded.
The hound bites you but does no damage.
The ogre hits you with a +0 giant spiked club!!
You die...

.#.# #...... .###
..#.# ###.### ....
..#.# #.# #... #.#.#
#.# #...
#.#.########.# ...
#.#..........#
.####.###.#.##########
......h...#.#
#.....O@....#
###.......###
####....# ####.# ..#
..# ...# ##.#


You could see an ogre and a hound.

Vanquished Creatures
  Grinder (D:5)
  Sigmund (D:5)
  An ogre (D:5)
  2 scorpions (D:5)
  A water moccasin skeleton (D:5)
  A jelly (D:5)
  A hound (D:5)
  3 bullfrog skeletons
  An iguana (D:4)
  A hound skeleton (D:5)
  3 gnolls (D:4)
  2 adders
  2 worms
  An orc (D:3)
  7 ball pythons
  7 bats
  5 endoplasms
  6 giant cockroaches
  7 goblins
  7 hobgoblins
  5 jackals
  2 quokkas
  3 frilled lizards
  4 kobolds
  5 rats
79 creatures vanquished.

Vanquished Creatures (others)
  6 plants (D:4)
6 creatures vanquished.

Grand Total: 85 creatures vanquished

Notes
Turn   | Place    | Note
-------+----------+-------------------------------------------
     0 | D:1      | karkarkar the Minotaur Berserker began the quest for the
                  | Orb.
     0 | D:1      | Reached XP level 1. HP: 19/19 MP: 0/0
   201 | D:1      | Reached XP level 2. HP: 27/27 MP: 1/1
   968 | D:2      | Reached XP level 3. HP: 33/33 MP: 2/2
   988 | D:2      | Reached ** piety under Trog
  1506 | D:3      | Found a faded altar of an unknown god.
  1925 | D:4      | Reached XP level 4. HP: 41/41 MP: 3/3
  1930 | D:4      | Reached skill level 1 in Maces & Flails
  1998 | D:4      | Reached skill level 5 in Axes
  2386 | D:4      | Found Neafax's Weapon Shop.
  2412 | D:4      | Reached XP level 5. HP: 44/47 MP: 4/4
  2414 | D:4      | Reached skill level 2 in Maces & Flails
  2483 | D:4      | Reached *** piety under Trog
  2919 | D:5      | Entered Level 5 of the Dungeon
  3056 | D:5      | Noticed Grinder
  3063 | D:5      | Paralysed by Grinder for 7 turns
  3076 | D:5      | Killed Grinder
  3077 | D:5      | Reached skill level 5 in Fighting
  3077 | D:5      | Reached skill level 4 in Maces & Flails
  3077 | D:5      | Reached XP level 6. HP: 46/56 MP: 5/5
  3149 | D:5      | Noticed Sigmund
  3172 | D:5      | Killed Sigmund
  3173 | D:5      | Reached skill level 5 in Maces & Flails
  3173 | D:5      | Reached skill level 5 in Armour
  3173 | D:5      | Reached XP level 7. HP: 37/61 MP: 6/6
  3577 | D:5      | Reached skill level 6 in Maces & Flails
  3584 | D:5      | HP: 1/61 [ogre/+0 giant spiked club (15)]
  3585 | D:5      | Annihilated by an ogre

Illustrated notes

Levels and vault maps discovered:
D:1:      minmay_arrival_glassed_features, layout_basic, minmay_misc_feat_roman
D:2:      layout_rooms
D:3:      layout_rooms, ebering_ecumenical_altar_petrified
D:4:      layout_loops_ring, serial_shops, kennysheep_mini_moat,
          gup_sewer_entry_spiral, serial_bayou_pond_c
D:5:      minmay_recursive_quarters, layout_loops_ring, uniq_sigmund,
          uniq_grinder

Skill      XL: |  1  2  3  4  5  6  7 |
---------------+----------------------+-----
Axes           | 4 5 |  5.1
Fighting       | 4 5 |  5.6
Maces & Flails | 1 4 5 6 |  6.4
Armour         | 3 4 5 |  5.9
Dodging        | 3 |  3.2
Stealth        | |  0.1

Action                   |  1- 3 |  4- 6 |  7- 9 || total
-------------------------+-------+-------+-------++-------
Melee: Hand axe          |    58 |       |       ||    58
       Headbutt          |    26 |    23 |     5 ||    54
       Flail             |    47 |    93 |    40 ||   180
Invok: Berserk           |       |     1 |     2 ||     3
  Use: Scroll            |     1 |       |       ||     1
       Potion            |     1 |     1 |       ||     2
Armor: Animal skin       |     6 |       |       ||     6
       Plate armour      |    44 |    41 |    31 ||   116
Dodge: Dodged            |    56 |    22 |    19 ||    97

Table legend: (Time is in decaauts)
 A = Elapsed time spent in this place.
 B = Non-inter-level travel time spent in this place.
 C = Inter-level travel time spent in this place.
 D = Time resting spent in this place.
 E = Time spent auto-exploring this place.
 F = Levels seen in this place.
 G = Mean time per level.
                   A        B        C        D        E       F      G
               +--------+--------+--------+--------+--------+-----+--------+
         Total |   3687 |   3683 |      4 |     40 |   2850 |   5 |  737.4 |
       Dungeon |   3687 |   3683 |      4 |     40 |   2850 |   5 |  737.4 |
               +--------+--------+--------+--------+--------+-----+--------+

Top non-repeatable levels by time:
     D:4: 1121 daAuts
     D:1: 938 daAuts
     D:5: 680 daAuts
     D:3: 500 daAuts
     D:2: 448 daAuts
